 Dungeon Crawl Stone Soup version 0.30-b1-2-g02819fbbbe (webtiles) character file.

Game seed: 3271114644073546233

138 vatarom the Insei (level 5, -3/49 HPs)
             Began as a Naga Transmuter on June 12, 2023.
             Slain by Terence
             ... wielding a +0 trident
              (5 damage)
             ... on level 3 of the Dungeon.
             The game lasted 00:06:52 (3505 turns).

vatarom the Insei (Naga Transmuter)                 Turns: 3505, Time: 00:06:53

Health: -3/49      AC:  2    Str: 12      XL:     5   Next: 21%
Magic:  3/8        EV: 15    Int: 12 (14) God:
Gold:   170        SH:  0    Dex: 11      Spells: 5/9 levels left

rFire   . .          .
                       - Unarmed
rCold   . . .        (no shield)
rNeg    . . .        a - +0 robe
rPois   +            (no helmet)
rElec   +            (no cloak)
rCorr   .            (no gloves)
SInv    +            (no barding)
Will    .....        (no amulet)
Stlth   +            v - +5 ring of evasion
HPRegen 0.28/turn    (no ring)
MPRegen 0.11/turn

%: no passive effects
@: short of breath, flying, very slow
A: AC +1, large, see invisible, deformed body, poison resistance, slowness 2,
spit poison 1, naga tail 1, clumsy 1, robust 1, electricity resistance
a: Spit Poison


You were on level 3 of the Dungeon.
You visited 1 branch of the dungeon, and saw 3 of its levels.

You collected 170 gold pieces.

Inventory:

Hand Weapons
 f - a +2 dagger of electrocution
Armour
 a - a +0 robe (worn)
Jewellery
 v - a +5 ring of evasion (left hand)
Wands
 h - a wand of flame (12)
Scrolls
 c - 2 scrolls of amnesia {unknown}
 e - a scroll of fog {unknown}
 g - a scroll of identify {unknown}
 i - a scroll of teleportation {unknown}
 j - a scroll of enchant weapon {unknown}
 k - a scroll of noise {unknown}


   Skills:
 + Level 2.2 Fighting
 + Level 2.0 Dodging
 * Level 4.0 Unarmed Combat
 + Level 2.6 Spellcasting
 * Level 2.7 Transmutations
 + Level 1.3 Poison Magic


You had 5 spell levels left.
You knew the following spells:

 Your Spells              Type           Power      Damage    Failure   Level
a - Beastly Appendage     Tmut           16%        N/A       9%          1
b - Spider Form           Tmut/Pois      6%         N/A       32%         3

Your spell library contained the following spells:

 Spells                   Type           Power      Damage    Failure   Level
 Wereblood                Tmut           8%         N/A       12%         2
 Ice Form                 Ice/Tmut       4%         N/A       82%         4


Dungeon Overview and Level Annotations

Branches:
Dungeon (3/15)

Altars:
Sif Muna
Wu Jian

Annotations:
D:3 Terence


Innate Abilities, Weirdness & Mutations

Your serpentine skin is tough. (AC +1)
You have supernaturally acute eyesight. (SInv)
Armour fits poorly on your strangely shaped body.
Your system is resistant to poisons. (rPois)
You cover ground very slowly.
You can spit poison.
You have a snake-like lower body.
You are clumsy. (Dex -2)
You are robust. (+10% HP)
You are resistant to electric shocks. (rElec)


Message History

Terence is heavily wounded.
Terence misses you.
You hit Terence but do no damage.
Terence is heavily wounded.
Terence barely misses you.
You hit Terence.
Terence is severely wounded.
Your transformation is almost over.
Terence hits you with a +0 trident.
You hit Terence.
Terence is severely wounded.
Terence hits you with a +0 trident!
You completely miss Terence. You headbutt Terence, but do no damage.
Terence is severely wounded.
Terence hits you with a +0 trident.
You hit Terence but do no damage.
Terence is severely wounded.
Terence hits you with a +0 trident.
You hit Terence.
Terence is almost dead.
Terence closely misses you.
You hit Terence.
Terence is almost dead.
Terence hits you with a +0 trident!
* * * LOW HITPOINT WARNING * * *
Your magical contamination has completely faded away.
Terence attacks as you move away! Terence misses you.
Terence barely misses you.
Terence hits you from afar with a +0 trident!
* * * LOW HITPOINT WARNING * * *
It was a potion of flight.
You feel very buoyant.
You fly up into the air.
Terence misses you.
Aiming: Spit Poison (1% risk of failure)
Press: ? - help, Shift-Dir - straight line, f/p - Terence
Aim: Terence, wielding a +0 trident and wearing a +0 scale mail of poison resistance (almost dead, 65% to hit)
The splash of poison misses Terence.
Your horns disappear.
Terence hits you from afar with a +0 trident.
You die...

####### ......###### ***###*
......##...###########.....*
.......'........@.@......>.*
......##)..###########.....****
......##...# ******,,...,,,*
....####...# *,,,,,,,,,.,,,***
....# #...# *,,,,,,,,,,,,,*,,
.#.## #...# *,,,,,,,,,,,,,*,*
.#.## #...# *,,,,,,,,,,,,,,<,
....## #...# *,,,,,,,,,,,,****
.....###,,,* *,,,,,,,,,,,,**,,


You could see Terence.

Vanquished Creatures
  A gnoll (D:3)
  5 adders
  2 worms (D:2)
  A dart slug (D:3)
  5 orcs (D:3)
  7 endoplasms
  2 giant cockroaches (D:2)
  7 hobgoblins
  3 jackals (D:2)
  5 kobolds
  A quokka (D:3)
  6 ball pythons
  2 bats (D:1)
  3 frilled lizards
  11 goblins
  5 rats
66 creatures vanquished.

Notes
Turn   | Place    | Note
-------+----------+-------------------------------------------
     0 | D:1      | vatarom the Naga Transmuter began the quest for the Orb.
     0 | D:1      | Reached XP level 1. HP: 18/18 MP: 3/3
   220 | D:1      | Reached XP level 2. HP: 22/25 MP: 1/5
   741 | D:1      | Reached XP level 3. HP: 28/31 MP: 6/6
  1318 | D:2      | Found a shimmering blue altar of Sif Muna.
  1578 | D:2      | Learned a level 3 spell: Spider Form
  1978 | D:2      | Reached XP level 4. HP: 34/38 MP: 7/7
  2513 | D:3      | Reached skill level 1 in Poison Magic
  3074 | D:3      | Found an ornate altar of the Wu Jian Council.
  3101 | D:3      | Gained mutation: You are clumsy. (Dex -2) [potion of
                  | mutation]
  3101 | D:3      | Gained mutation: You are robust. (+10% HP) [potion of
                  | mutation]
  3101 | D:3      | Gained mutation: You are resistant to electric shocks.
                  | (rElec) [potion of mutation]
  3119 | D:3      | Reached XP level 5. HP: 6/49 MP: 5/8
  3357 | D:3      | Reached skill level 4 in Unarmed Combat
  3478 | D:3      | Noticed Terence
  3503 | D:3      | HP: 2/49 [Terence/+0 trident (8)]
  3505 | D:3      | Slain by Terence

Illustrated notes

Levels and vault maps discovered:
D:1:      psy_arrival_heroes, layout_basic, minmay_misc_feat_doors
D:2:      minmay_skewed_foursquare, layout_basic, basic_altar
D:3:      layout_basic, nicolae_wu_jian_wuxing_cycle, uniq_terence

Skill      XL: |  1  2  3  4  5 |
---------------+----------------+-----
Poison Magic   | 1 |  1.3
Fighting       | 2 |  2.2
Dodging        | 2 |  2.0
Unarmed Combat | 4 |  4.0
Spellcasting   | |  2.6
Transmutations | |  2.7

Action                     |  1- 3 |  4- 6 || total
---------------------------+-------+-------++-------
  Melee: Unarmed           |    35 |    83 ||   118
         Headbutt          |     5 |    10 ||    15
         Dagger            |    77 |    19 ||    96
         Punch             |     1 |     3 ||     4
  Throw: Stone             |       |     7 ||     7
   Cast: Beastly Appendage |    13 |     8 ||    21
         Spider Form       |       |     1 ||     1
Ability: Spit Poison       |     4 |     9 ||    13
  Evoke: Wand              |       |     2 ||     2
    Use: Potion            |     3 |     6 ||     9
         Scroll            |     1 |     1 ||     2
   Stab: Sleeping          |     2 |       ||     2
 Armour: Robe              |    13 |    20 ||    33
         Skin              |    18 |       ||    18
  Dodge: Dodged            |    65 |   104 ||   169
